 Dungeon Crawl Stone Soup version 0.29.1-12-g30fa7ad0bf (webtiles) character file.

Game seed: 7915784457094895626

152 peng4235 the Chopper (level 5, 0/47 HPs)
             Began as a Hill Orc Berserker on Dec 29, 2022.
             Was a Believer of Trog.
             Slain by a gnoll
             ... wielding a +0 flail
              (13 damage)
             ... on level 4 of the Dungeon.
             The game lasted 00:20:20 (3615 turns).

peng4235 the Chopper (Hill Orc Berserker)           Turns: 3615, Time: 00:20:20

Health: 0/47       AC:  2    Str: 22    XL:     5   Next: 34%
Magic:  5/5        EV: 12    Int:  7    God:    Trog [**....]
Gold:   94         SH:  0    Dex: 10    Spells: 4/4 levels left

rFire   . . .      SeeInvis .   a - +0 hand axe
rCold   . . .      Faith    .   (no shield)
rNeg    . . .      Spirit   .   b - +0 animal skin
rPois   .          Reflect  .   (no helmet)
rElec   .          Harm     .   (no cloak)
rCorr   .          Rampage  .   (no gloves)
Will    .....                   (no boots)
Stlth   +.........              (no amulet)
HPRegen 0.15/turn               (no ring)
MPRegen 0.09/turn               (no ring)

@: on berserk cooldown, slowed, very slow
A: no striking features
a: Renounce Religion, Berserk, Trog's Hand


You were on level 4 of the Dungeon.
You worshipped Trog.
Trog was pleased with you.
You visited 1 branch of the dungeon, and saw 4 of its levels.

You collected 94 gold pieces.

Inventory:

Hand Weapons
 a - a +0 hand axe (weapon)
 u - a +2 dagger of pain
Armour
 b - a +0 animal skin (worn)
 s - a scarf of repulsion
Jewellery
 q - a ring of see invisible
 t - an amulet of reflection
Scrolls
 c - a scroll of fog {unknown}
 d - 2 scrolls of poison {unknown}
 e - 3 scrolls of identify {unknown}
 g - 2 scrolls of noise {unknown}
 h - a scroll of vulnerability {unknown}
 i - a scroll of fear {unknown}
 j - a scroll of teleportation {unknown}
 k - a scroll of enchant weapon {unknown}
 o - a scroll of enchant armour {unknown}
 v - a scroll of immolation {unknown}
Potions
 f - a potion of flight {unknown}
 l - a potion of berserk rage {unknown}
 m - a potion of curing {unknown}
 n - a potion of invisibility {unknown}
 p - a potion of heal wounds {unknown}
 r - a potion of brilliance {unknown}


   Skills:
 + Level 4.7 Fighting
 + Level 5.9 Axes
 + Level 2.2 Armour
 + Level 2.4 Dodging
 + Level 0.9 Stealth


You had 4 spell levels left.
You didn't know any spells.
Your spell library contained the following spells:

 Spells                   Type           Power      Damage    Failure   Level
 Fulminant Prism          Conj/Hex       0%         3d6       99%         4
 Iskenderun's Mystic Bla  Conj/Tloc      0%         2d3       99%         4
 Lee's Rapid Deconstruct  Erth           0%         3d5*      100%        5


Dungeon Overview and Level Annotations

Branches:
Dungeon (4/15)
 Temple: D:4-7

Altars:
Vehumet
Wu Jian
Yredelemnul
The Shining One

Shops:
D:1 !   D:2 *

Annotations:
D:3 3 runed translucent doors, lotum's ghost, amateur MeEE


Message History

A red film seems to cover your vision as you go berserk!
You feel yourself moving faster!
You feel mighty!
The gnoll shouts!
The gnoll barely misses you.
You feel a strong urge to attack something.
The gnoll shouts!
The gnoll barely misses you.
You hit the gnoll.
The gnoll is moderately wounded.
The gnoll hits you from afar with a +0 spear!
You feel a strong urge to attack something.
The gnoll closely misses you.
You feel your anger nearly subside.
You are no longer berserk.
You are exhausted.
You feel yourself slow down. The gnoll misses you.
The gnoll closely misses you.
The gnoll hits you from afar with a +0 spear.
The gnoll misses you. The gnoll closely misses you.
You hit the gnoll.
The gnoll is heavily wounded.
The gnoll hits you with a +0 spear.
The gnoll hits you from afar with a +0 spear.
The gnoll hits you with a +0 spear. The gnoll hits you but does no damage.
You hit the gnoll.
The gnoll is severely wounded.
The gnoll hits you with a +0 spear! The gnoll barely misses you.
You closely miss the gnoll.
The gnoll is severely wounded.
The gnoll completely misses you. The gnoll closely misses you.
The gnoll misses you. The gnoll barely misses you.
You hit the gnoll.
You kill the gnoll!
Trog accepts your kill.
The gnoll hits you from afar with a +0 spear.
You hit the gnoll.
The gnoll is lightly wounded.
The gnoll hits you from afar with a +0 spear!
* * * LOW HITPOINT WARNING * * *
The gnoll hits you with a +0 flail!
You die...

#....# #.#.# ..
#.##....###.#.#
#..'..........#
#.##....###.####
. #
#............ .
#.....##.##### .
#####.........
#.#######. #@#
#g# #...gg.....#
#..........#
#..........#
#..........#
#..........'
#..........#
#...........


You could see 3 gnolls.

Vanquished Creatures
  6 gnolls
  An adder (D:3)
  A shadow imp (D:3)
  A dart slug (D:1)
  6 orcs
  8 ball pythons
  10 endoplasms
  4 giant cockroaches
  2 goblins
  2 hobgoblins
  4 jackals (D:1)
  5 kobolds
  4 quokkas
  7 bats
  A frilled lizard (D:1)
  3 rats
65 creatures vanquished.

Vanquished Creatures (others)
  A plant (D:2)
1 creature vanquished.

Grand Total: 66 creatures vanquished

Notes
Turn   | Place    | Note
-------+----------+-------------------------------------------
     0 | D:1      | peng4235 the Hill Orc Berserker began the quest for the
                  | Orb.
     0 | D:1      | Reached XP level 1. HP: 19/19 MP: 1/1
   169 | D:1      | Reached XP level 2. HP: 27/27 MP: 2/2
   551 | D:1      | Reached XP level 3. HP: 33/33 MP: 3/3
   642 | D:1      | Reached ** piety under Trog
   701 | D:1      | Found Loridgh's Distillery.
  1370 | D:2      | Found Lowk's Assorted Antiques.
  1513 | D:2      | Reached skill level 5 in Axes
  1699 | D:3      | Reached XP level 4. HP: 28/37 MP: 4/4
  1923 | D:3      | Found a runed translucent gate.
  1924 | D:3      | Found a runed translucent gate.
  1925 | D:3      | Found a runed translucent gate.
  1927 | D:3      | Noticed lotum's ghost (amateur MeEE)
  1955 | D:3      | HP: 1/38 [shadow imp (5)]
  2776 | D:3      | Found a faded altar of an unknown god.
  3014 | D:3      | Found an ornate altar of the Wu Jian Council.
  3074 | D:3      | Found a basalt altar of Yredelemnul.
  3208 | D:3      | Found a glowing golden altar of the Shining One.
  3274 | D:4      | Found a radiant altar of Vehumet.
  3337 | D:4      | Reached XP level 5. HP: 25/47 MP: 5/5
  3548 | D:4      | Noticed a centaur
  3615 | D:4      | Slain by a gnoll

Illustrated notes

Levels and vault maps discovered:
D:1:      elethiomel_arrival_fortress_basement, layout_rooms, serial_shops, shop
D:2:      layout_basic, serial_shops, nicolae_shop_overgrown_old_shop
D:3:      layout_loops_ring, nicolae_tso_swordbearing_angel,
          mainiacjoe_overflow_two_lobes, ebering_ghost_rock_garden,
          ebering_ecumenical_altar_abandoned
D:4:      layout_basic, fiery_altar_vehumet, minmay_temple_entry_from_below_a,
          nicolae_zen_rock_garden, amcnicky_mini_corridor_feature

Skill      XL: |  1  2  3 |
---------------+----------+-----
Fighting       | 4 |  4.7
Dodging        | 2 |  2.4
Axes           | 5 |  5.9
Armour         | |  2.2
Stealth        | |  0.9

Action                   |  1- 3 |  4- 6 || total
-------------------------+-------+-------++-------
Melee: Hand axe          |   122 |    90 ||   212
       Punch             |     1 |       ||     1
Invok: Berserk           |     5 |     3 ||     8
 Stab: Sleeping          |     1 |     2 ||     3
       Distracted        |     1 |       ||     1
Armor: Animal skin       |    23 |    16 ||    39
Dodge: Dodged            |    78 |    71 ||   149
